 Dungeon Crawl Stone Soup version 0.29.0-4-gdea44cf6ec (webtiles) character file.

Game seed: 4723528962122143074

254 qw the Chopper (level 6, -4/47 HPs)
             Began as a Formicid Cinder Acolyte on Sept 4, 2022.
             Was a Believer of Ignis.
             Slain by an ogre
             ... wielding a +0 giant club
              (14 damage)
             ... on level 6 of the Dungeon.
             The game lasted 00:01:18 (3838 turns).

qw the Chopper (Formicid Cinder Acolyte)            Turns: 3838, Time: 00:01:19

Health: -4/47      AC: 31    Str: 21    XL:     6   Next: 37%
Magic:  7/7        EV:  3    Int: 13    God:    Ignis [**....]
Gold:   136        SH:  0    Dex:  9    Spells: 7/7 levels left

rFire   + . .      SeeInvis +   Y - +2 hand axe (protect)
rCold   . . .      Faith    .   (no shield)
rNeg    . . .      Spirit   .   o - +0 crystal plate armour
rPois   .          Reflect  .   (helmet unavailable)
rElec   .          Harm     .   (no cloak)
rCorr   .          Rampage  .   g - +0 pair of gloves
Will    .....                   (no boots)
Stlth   ..........              (no amulet)
HPRegen 0.15/turn               (no ring)
MPRegen 0.10/turn               (no ring)

@: under a protective aura, fiery-armoured
A: permanent stasis, dig shafts and tunnels, antennae 3, four strong arms
a: Dig, Shaft Self, Renounce Religion, Fiery Armour, Foxfire Swarm, Rising Flame


You were on level 6 of the Dungeon.
You worshipped Ignis.
Ignis was pleased with you.
You visited 1 branch of the dungeon, and saw 4 of its levels.

You collected 136 gold pieces.


Innate Abilities, Weirdness & Mutations

You cannot be hasted, slowed, berserked, paralysed or teleported.
You can dig through walls and to a lower floor.
You have a pair of large antennae on your head. (SInv)
Your four strong arms can wield two-handed weapons with a shield.


   Skills:
 - Level 3.2 Fighting
 + Level 5.0 Axes
 - Level 4.3 Armour
 - Level 1.0 Dodging
 - Level 1.1 Spellcasting
 - Level 3.0 Fire Magic


You had 7 spell levels left.
You didn't know any spells.
Your spell library contained the following spells:

 Spells                   Type           Power      Damage    Failure   Level
 Scorch                   Fire           16%        2d5       100%        2

Inventory:

Hand Weapons
 c - a +0 flail
 Y - a +2 hand axe of protection (weapon)
Armour
 g - a +0 pair of gloves (worn)
 o - a +0 crystal plate armour (worn)
Jewellery
 b - a ring of poison resistance
Scrolls
 a - a scroll of identify
Potions
 d - a potion of magic {unknown}
 e - 2 potions of curing
 i - 2 potions of cancellation
 m - 3 potions of attraction {unknown}

Dungeon Overview and Level Annotations

Branches:
Dungeon (3/15)

Altars:
Ashenzari
Zin

Shops:
D:3 (


Message History

You miss the adder.
The adder is lightly wounded.
The adder bites you but does no damage.
You slash the adder!
The adder is severely wounded.
You hit the hound but do no damage. The adder bites you but does no damage.
The hound bites you. The adder bites you but does no damage.
You barely miss the adder.
The adder is severely wounded.
You hit the hound. The hound barely misses you. The adder barely misses you.
The hound bites you but does no damage.
You slash the adder!
You kill the adder!
You hit the hound. The hound bites you but does no damage.
You hit the hound.
The hound is heavily wounded.
You hit the ogre.
The hound bites you but does no damage. x2
The ogre hits you with a +0 giant club!
You hit the hound.
The hound is severely wounded.
You hit the ogre. The hound bites you but does no damage.
You closely miss the hound.
The hound is severely wounded.
You barely miss the ogre. The hound bites you but does no damage.
The ogre hits you with a +0 giant club. The hound bites you but does no damage.
You hit the hound.
You kill the hound!
You hit the ogre.
The ogre hits you with a +0 giant club!!
Your Armour skill increases to level 4!
3838 ||| INVOKING Fiery Armour.
A protective cloak of flame settles atop you.
The ogre hits you with a +0 giant club!
You die...

#. ..##...
.####.....
.......$###
.........#
.$......#
.......##
#%O......
#@# #.# #.#
#.# #.# #.#
#.# #.# #..


You could see an ogre.

Vanquished Creatures
  A hound (D:6)
  Robin (D:3)
  5 gnolls
  8 adders
  3 worms
  2 dart slugs (D:3)
  3 orcs (D:3)
  8 ball pythons
  3 endoplasms
  2 giant cockroaches
  18 goblins
  4 hobgoblins
  4 quokkas
  6 bats
  3 frilled lizards
  7 kobolds
  6 rats
84 creatures vanquished.

Notes
Turn   | Place    | Note
-------+----------+-------------------------------------------
     0 | D:1      | qw the Formicid Cinder Acolyte began the quest for the Orb.
     0 | D:1      | Reached XP level 1. HP: 18/18 MP: 2/2
     0 | D:1      | 0 ||| qw: Version: 0.1-a-102-g441f92d
     0 | D:1      | 0 ||| qw: Game counter: 5335
     0 | D:1      | 0 ||| qw: Always use a shield: true
     0 | D:1      | 0 ||| qw: God list: Okawaru
     0 | D:1      | 0 ||| qw: Allow faded altars: false
     0 | D:1      | 0 ||| qw: Do Orc after D:15 true
     0 | D:1      | 0 ||| qw: Do second Lair branch before Depths: true
     0 | D:1      | 0 ||| qw: Lair rune preference: random
     0 | D:1      | 0 ||| qw: Plans: Normal
     0 | D:1      | 0 ||| PLANNING D:1-11
    62 | D:1      | 62 ||| INVOKING Fiery Armour.
   291 | D:1      | 291 ||| Stepping ~*~*~tactically~*~*~ (stealth).
   292 | D:1      | 292 ||| Stepping ~*~*~tactically~*~*~ (stealth).
   336 | D:1      | 336 ||| Stepping ~*~*~tactically~*~*~ (stealth).
   338 | D:1      | 338 ||| Stepping ~*~*~tactically~*~*~ (stealth).
   341 | D:1      | 341 ||| Stepping ~*~*~tactically~*~*~ (stealth).
   342 | D:1      | 342 ||| Stepping ~*~*~tactically~*~*~ (stealth).
   347 | D:1      | Reached XP level 2. HP: 21/24 MP: 3/3
   352 | D:1      | 352 ||| INVOKING Fiery Armour.
   801 | D:1      | 801 ||| INVOKING Fiery Armour.
  1167 | D:1      | 1167 ||| Stepping ~*~*~tactically~*~*~ (stealth).
  1170 | D:1      | 1170 ||| Stepping ~*~*~tactically~*~*~ (stealth).
  1198 | D:1      | 1198 ||| Stepping ~*~*~tactically~*~*~ (stealth).
  1205 | D:1      | 1205 ||| INVOKING Fiery Armour.
  1207 | D:1      | Reached skill level 4 in Axes
  1207 | D:1      | Reached XP level 3. HP: 11/29 MP: 4/4
  1697 | D:1      | 1697 ||| UPGRADING to +0 pair of gloves.
  1702 | D:1      | 1702 ||| READING 2 scrolls labelled DONA OTELY.
  1703 | D:1      | 1703 ||| READING 2 scrolls labelled HESIUTTIMOYZ.
  1704 | D:1      | 1704 ||| READING scroll labelled FOUNIKH VAVUNU.
  1705 | D:1      | 1705 ||| READING scroll labelled QAFERGHENEN.
  1706 | D:1      | 1706 ||| DROPPING scroll of fear.
  1722 | D:2      | 1722 ||| STAIRDANCE
  1816 | D:2      | 1816 ||| STAIRDANCE
  2046 | D:2      | Found a faded altar of an unknown god.
  2178 | D:2      | Reached skill level 1 in Dodging
  2299 | D:2      | 2299 ||| INVOKING Fiery Armour.
  2639 | D:2      | Found a glowing silver altar of Zin.
  2710 | D:2      | Reached XP level 4. HP: 24/35 MP: 5/5
  2860 | D:2      | 2860 ||| UPGRADING to +0 leather armour.
  2870 | D:2      | 2870 ||| DROPPING +0 robe.
  2871 | D:2      | 2871 ||| UPGRADING to +0 ring mail.
  2881 | D:2      | 2881 ||| DROPPING +0 leather armour.
  2882 | D:2      | 2882 ||| UPGRADING to +0 crystal plate armour.
  2892 | D:2      | 2892 ||| DROPPING +0 ring mail.
  2893 | D:2      | 2893 ||| DROPPING ring of magical power.
  2894 | D:2      | 2894 ||| READING scroll labelled VAEGAECHAF.
  2895 | D:2      | 2895 ||| READING 2 scrolls labelled ZEAFIE ZYUWIMM.
  2896 | D:2      | 2896 ||| READING scroll labelled FAAGIF BEHO.
  2943 | D:2      | 2943 ||| READING scroll labelled GIOROKKA JOGU.
  2944 | D:2      | 2944 ||| READING 4 scrolls of identify.
  2944 | D:2      | 2944 ||| IDENTIFYING grey potion
  2945 | D:2      | 2945 ||| READING 3 scrolls of identify.
  2945 | D:2      | 2945 ||| IDENTIFYING fizzy inky potion
  2946 | D:2      | 2946 ||| READING 2 scrolls of identify.
  2946 | D:2      | 2946 ||| IDENTIFYING brown potion
  2947 | D:2      | 2947 ||| DROPPING scroll of magic mapping.
  2948 | D:2      | 2948 ||| DROPPING potion of brilliance.
  2999 | D:3      | 2999 ||| STAIRDANCE
  3010 | D:2      | Reached skill level 1 in Armour
  3053 | D:3      | Noticed Robin
  3054 | D:3      | 3054 ||| INVOKING Fiery Armour.
  3061 | D:3      | Killed Robin
  3066 | D:3      | Reached XP level 5. HP: 10/41 MP: 6/6
  3067 | D:3      | HP: 8/41 [gnoll/+0 halberd (3)]
  3068 | D:3      | HP: 3/41 [gnoll/+0 halberd (2)]
  3070 | D:3      | Reached skill level 3 in Armour
  3071 | D:3      | 3071 ||| FLEEEEING.
  3072 | D:3      | 3072 ||| FLEEEEING.
  3073 | D:3      | 3073 ||| FLEEEEING.
  3074 | D:3      | 3074 ||| FLEEEEING.
  3075 | D:3      | 3075 ||| FLEEEEING.
  3076 | D:3      | 3076 ||| FLEEEEING.
  3077 | D:3      | 3077 ||| FLEEEEING.
  3079 | D:3      | 3079 ||| STAIRDANCE
  3383 | D:3      | 3383 ||| DROPPING +0 club.
  3408 | D:3      | 3408 ||| READING scroll of enchant weapon.
  3408 | D:3      | 3408 ||| ENCHANTING +0 hand axe of protection.
  3446 | D:3      | Found Rozyasekh's Antique Weapon Shoppe.
  3539 | D:3      | Found a broken altar of Ashenzari.
  3642 | D:3      | 3642 ||| INVOKING Fiery Armour.
  3648 | D:3      | Reached skill level 5 in Axes
  3661 | D:3      | 3661 ||| READING scroll of enchant weapon.
  3661 | D:3      | 3661 ||| ENCHANTING +1 hand axe of protection.
  3706 | D:3      | Reached XP level 6. HP: 47/47 MP: 7/7
  3716 | D:3      | 3716 ||| Stepping ~*~*~tactically~*~*~ (hiding).
  3824 | D:3      | You fall into a shaft and drop 3 floors!
  3828 | D:6      | Noticed an ogre
  3837 | D:6      | HP: 10/47 [ogre/+0 giant club (21)]
  3838 | D:6      | 3838 ||| INVOKING Fiery Armour.
  3838 | D:6      | Slain by an ogre

Levels and vault maps discovered:
D:1:      lightli_arrival_flooded_house, layout_basic
D:2:      layout_loops_cross, basic_altar,
          chequers_ecumenical_altar_simple_redux
D:3:      layout_basic, evilmike_ruin_ashenzari, serial_shops, shop,
          minmay_misc_feat_encased, st_stairs_7,
          minmay_fractal_squares_diagonal_5, uniq_robin
D:6:      layout_basic, zin_scriptorium, uniq_blork_the_orc

Skill      XL: |  1  2  3  4  5  6 |
---------------+-------------------+-----
Axes           | 4 5 |  5.0
Dodging        | 1 |  1.0
Armour         | 2 3 4 |  4.3
Fighting       | |  3.2
Spellcasting   | |  1.1
Fire Magic     | |  3.0

Action                   |  1- 3 |  4- 6 || total
-------------------------+-------+-------++-------
Melee: Hand axe          |   128 |   103 ||   231
       Punch             |       |     2 ||     2
Invok: Fiery Armour      |     5 |     3 ||     8
  Use: Scroll            |     4 |     9 ||    13
Armor: Robe              |    25 |       ||    25
       Crystal plate arm |       |    87 ||    87
Dodge: Dodged            |    68 |    22 ||    90

Table legend:
 A = Non-vault XP
 B = Vault XP
 C = Vault XP percentage of total XP
 D = Non-vault monster count
 E = Vault monster count
 F = Vault count percentage of total count
                 A         B        C        D         E       F
            +---------+---------+-------+---------+---------+-------
      Total |     238 |     125 |  34.4 |      59 |      25 |  29.8
            +---------+---------+-------+---------+---------+-------
        D:1 |      48 |       0 |   0.0 |      23 |       0 |   0.0
        D:2 |      36 |       0 |   0.0 |      14 |       0 |   0.0
        D:3 |      99 |     125 |  55.8 |      20 |      25 |  55.6
        D:6 |      55 |       0 |   0.0 |       2 |       0 |   0.0
            +---------+---------+-------+---------+---------+-------
